 Dungeon Crawl Stone Soup version 0.30.1-10-g1249ef9ec4 (webtiles) character file.

Game seed: 13668286475551201017

78 7w4c the Sneak (level 4, -24/33 HPs)
             Began as a Vampire Brigand on Oct 26, 2023.
             Killed by an exploding goblin (36 damage)
             ... ignited by their inner flame
             ... on level 3 of the Dungeon.
             The game lasted 00:04:18 (1400 turns).

7w4c the Sneak (Vampire Brigand)                    Turns: 1400, Time: 00:04:19

Health: -24/33     AC:  3    Str: 10    XL:     4   Next: 15%
Magic:  0/4        EV: 12    Int: 13    God:
Gold:   112        SH:  0    Dex: 17    Spells: 3/3 levels left

rFire   . . .        a - +2 dagger
rCold   . . .        (no shield)
rNeg    . . .        b - +0 robe
rPois   .            (no helmet)
rElec   .            c - +0 cloak
rCorr   .            (no gloves)
SInv    +            (no boots)
Will    .....        f - amulet of guardian spirit
Stlth   ++++         (no ring)
HPRegen 0.45/turn    (no ring)
MPRegen 0.09/turn

%: guardian spirit
@: healing quickly
A: alive, fangs 3, see invisible, vampiric 2
a: Exsanguinate


You were on level 3 of the Dungeon.
You visited 1 branch of the dungeon, and saw 3 of its levels.

You collected 112 gold pieces.

Inventory:

Hand Weapons
 a - a +2 dagger (weapon)
Missiles
 d - 7 poisoned darts (quivered)
 e - 3 curare-tipped darts
 r - a throwing net
Armour
 b - a +0 robe (worn)
 c - a +0 cloak (worn)
Jewellery
 f - an amulet of guardian spirit (around neck)
 o - a ring of protection from fire
Scrolls
 p - a scroll of poison
 t - a scroll of noise
Potions
 h - a potion of ambrosia {unknown}
 i - a potion of might {unknown}
 j - a potion of curing
 l - a potion of invisibility {unknown}
 n - a potion of resistance {unknown}
 q - a potion of brilliance {unknown}
 s - a potion of cancellation {unknown}
 u - a potion of magic {unknown}


   Skills:
 + Level 2.3 Fighting
 + Level 2.6 Short Blades
 + Level 1.7 Throwing
 + Level 1.6 Dodging
 + Level 7.5 Stealth


You had 3 spell levels left.
You didn't know any spells.
Your spell library contained the following spells:

 Spells                   Type           Power      Damage    Failure   Level
 Magic Dart               Conj           0%         1d3       30%         1
 Call Imp                 Summ           0%         N/A       43%         2
 Dazzling Flash           Conj/Hex       0%         N/A       67%         3
 Mephitic Cloud           Conj/Pois/Air  0%         N/A       67%         3
 Volatile Blastmotes      Fire/Tloc      0%         2d10      67%         3
 Iskenderun's Mystic Bla  Conj/Tloc      0%         2d3       97%         4
 Starburst                Conj/Fire      0%         6d3       100%        6


Dungeon Overview and Level Annotations

Branches:
Dungeon (3/15)

Altars:


Innate Abilities, Weirdness & Mutations

Your natural rate of healing is accelerated.
You have razor-sharp teeth.
You have supernaturally acute eyesight. (SInv)
You are afflicted with vampirism and can become a bat while bloodless.


Message History

The poisoned dart barely misses the goblin.
The poisoned dart hits Robin.
Robin is poisoned.
The goblin shouts!
Flame seeps out of Robin.
Robin is engulfed in blazing flames.
Flame seeps out of Robin.
Robin throws the goblin at you!
* * * LOW HITPOINT WARNING * * *
The goblin closely misses you.
Flame seeps out of the hobgoblin.
The hobgoblin is engulfed in blazing flames.
The hobgoblin explodes!
The goblin hits you with a +0 dagger.
* * * LOW HITPOINT WARNING * * *
The goblin barely misses you.
You feel a bit more experienced.
You hear an explosion!
You feel a bit more experienced. x2
You hear an explosion!
You feel a bit more experienced.
You hear an explosion!
You feel a bit more experienced. x2
You hear an explosion!
You feel a bit more experienced.
You hear an explosion! x2
You have reached level 4!
The goblin attacks as you move away! The goblin hits you with a +0 club.
* * * LOW HITPOINT WARNING * * *
The goblin attacks as you move away! The goblin hits you with a +0 dagger.
* * * LOW HITPOINT WARNING * * *
The goblin attacks as you move away! The goblin hits you with a +0 dagger.
* * * LOW HITPOINT WARNING * * *
You hit the goblin but do no damage.
You feel better.
The goblin's inner flame fades away.
The rat bites you. The goblin hits you but does no damage.
You closely miss the goblin. The goblin closely misses you. The rat bites you.
You hit the goblin.
Flame seeps out of the goblin.
The goblin is severely wounded.
You hit the goblin.
The goblin explodes!
The fiery explosion engulfs you!!!
Ouch! That really hurt!
You die...

.:.... ..##.......
#......####.........
#......##.......##..
... ..........#####
<.. ...............
#.# #..............
#.###..............
#.##...............
#§@rg..§☼§)........
#...○#...§.§.........
###§§#...☼§..(....g..
##..........ggggg..
.............ggg..
...###......#rg...
...## ######.......
...## ########


You could see a goblin (inner flame) and a rat (inner flame).

Vanquished Creatures
  Robin (D:3)
  2 adders
  A dart slug (D:1)
  An endoplasm (D:3)
  A giant cockroach (D:1)
  6 hobgoblins
  2 quokkas (D:1)
  3 ball pythons
  7 bats
  A frilled lizard (D:1)
  11 goblins
  8 kobolds
  5 rats
49 creatures vanquished.

Notes
Turn   | Place    | Note
-------+----------+-------------------------------------------
     0 | D:1      | 7w4c the Vampire Brigand began the quest for the Orb.
     0 | D:1      | Reached XP level 1. HP: 16/16 MP: 1/1
    36 | D:1      | Reached skill level 6 in Stealth
   146 | D:1      | Reached XP level 2. HP: 22/22 MP: 2/2
   495 | D:1      | Gained mutation: You are afflicted with vampirism and can
                  | become a bat while bloodless. [Vampire growth]
   495 | D:1      | Reached XP level 3. HP: 27/27 MP: 3/3
   831 | D:2      | Reached skill level 7 in Stealth
  1371 | D:3      | Noticed Robin
  1393 | D:3      | Killed Robin
  1394 | D:3      | Reached XP level 4. HP: 9/33 MP: 1/4
  1400 | D:3      | Killed by an exploding goblin... ignited by their inner
                  | flame

Illustrated notes

Levels and vault maps discovered:
D:1:      lightli_arrival_isolated_outpost, layout_basic
D:2:      layout_basic
D:3:      layout_rooms, kennysheep_cluttered_room, glass_columns_a,
          kennysheep_generic_room_12, uniq_robin, uniq_grinder

Skill      XL: |  1  2  3 |
---------------+----------+-----
Stealth        | 6 7 |  7.5
Fighting       | 2 |  2.3
Short Blades   | |  2.6
Throwing       | |  1.7
Dodging        | |  1.6

Action                     |  1- 3 |  4- 6 || total
---------------------------+-------+-------++-------
  Melee: Dagger            |   108 |     4 ||   112
         Punch             |     3 |       ||     3
         Bite              |     4 |       ||     4
  Throw: Dart              |     4 |       ||     4
    Use: Scroll            |     7 |       ||     7
         Potion            |     1 |     1 ||     2
   Stab: Sleeping          |    13 |       ||    13
         Distracted        |     1 |       ||     1
 Armour: Robe              |    38 |     1 ||    39
  Dodge: Dodged            |   124 |     1 ||   125
